 Dungeon Crawl Stone Soup version 0.22-a0-825-ga28c36f (webtiles) character file.

12056 inc the Thaumaturge (level 11, 0/89 HPs)
             Began as a Mummy Fire Elementalist on July 24, 2018.
             Was a Priest of Ashenzari.
             Hit by a tomahawk thrown by an orc (4 damage)
             ... on level 11 of the Dungeon.
             The game lasted 00:26:10 (15489 turns).

inc the Thaumaturge (Mummy Fire Elementalist)      Turns: 15489, Time: 00:26:10

Health: 0/89       AC:  6    Str: 12    XL:     11   Next: 57%
Magic:  8/26       EV: 12    Int: 18    God:    Ashenzari [***...]
Gold:   614        SH:  5    Dex: 12    Spells: 17/33 levels left

rFire    . . .     SeeInvis +   m - +1 hand axe (vamp) (curse)
rCold    . . .     Gourm    .   v - +0 buckler (curse)
rNeg     + + +     Faith    .   a - +0 robe
rPois    ∞         Spirit   .   u - +2 helmet (curse)
rElec    .         Reflect  .   (no cloak)
rCorr    .         Harm     +   A - +0 pair of gloves
MR       +....                  (no boots)
Stlth    ++........             f - amulet of harm (curse)
HPRegen  0.24/turn              l - ring of fire (curse)
MPRegen  0.20/turn              (no ring)

@: very slightly contaminated
A: no food or potions, fire vulnerability, cold resistance 1, negative energy
resistance 3, torment resistance, unbreathing
a: Curse Item, Scrying, Renounce Religion


You were on level 11 of the Dungeon.
You worshipped Ashenzari.
Ashenzari was most pleased with you.
You were not hungry.

You visited 2 branches of the dungeon, and saw 12 of its levels.
You also visited: Sewer.

You collected 614 gold pieces.

Inventory:

Hand Weapons
 e - a +1 dagger of venom
 m - a cursed +1 vampiric hand axe (weapon)
 x - a +2 whip of electrocution
Missiles
 p - a throwing net (quivered)
Armour
 a - a +0 robe (worn)
 o - the +6 chain mail "Qionui" {rC++ Slay+3 Stlth-}
   (You found it in a sewer)

   It affects your accuracy and damage with ranged weapons and melee attacks
   (+3).
   It greatly protects you from cold.
   It makes you less stealthy.
 u - a cursed +2 helmet (worn)
 v - a cursed +0 buckler (worn)
 A - a +0 pair of gloves (worn)
Jewellery
 f - a cursed amulet of harm (around neck)
 l - a cursed ring of fire (left hand)
 n - an uncursed ring of protection from fire
 z - an uncursed ring of wizardry
 B - an uncursed amulet of the gourmand
 E - an uncursed ring of magical power
Wands
 b - a wand of acid (26)
 k - a wand of iceblast (16)
 q - a wand of paralysis (17)
 w - a wand of digging (30)
Scrolls
 c - a scroll of enchant armour
 d - 2 scrolls of amnesia
 g - 3 scrolls of noise
 h - 3 scrolls of teleportation
 i - 2 scrolls of fear
 j - a scroll of random uselessness
 r - 2 scrolls of enchant weapon
 s - 2 scrolls of fog
 t - 2 scrolls of magic mapping
 y - a scroll of torment
 C - 2 scrolls of summoning {unknown}
 D - a scroll of identify


   Skills:
 - Level 9.3 Fighting
 - Level 2.0(4.1) Axes
 - Level 1.5 Dodging
 - Level 1.5 Stealth
 - Level 4.1(5.8) Shields
 + Level 11.5 Spellcasting
 + Level 7.2(9.1) Conjurations
 + Level 7.1(9.1) Fire Magic


You had 17 spell levels left.
You knew the following spells:

 Your Spells              Type           Power        Failure   Level  Hunger
a - Flame Tongue          Conj/Fire      #####        1%          1    N/A
b - Conjure Flame         Conj/Fire      ######..     1%          3    N/A
c - Sticky Flame          Conj/Fire      ######..     1%          4    N/A
d - Fireball              Conj/Fire      ######....   4%          5    N/A
e - Inner Flame           Hex/Fire       #####...     3%          3    N/A

Your spell library contained the following spells:

 Spells                   Type           Power        Failure   Level  Hunger
 Magic Dart               Conj           ####         1%          1    N/A
 Lightning Bolt           Conj/Air       ####......   26%         5    N/A
 Bolt of Magma            Conj/Fire/Erth #####.....   16%         5    N/A
 Slow                     Hex            ##......     10%         2    N/A
 Throw Flame              Conj/Fire      ######       1%          2    N/A
 Mephitic Cloud           Conj/Pois/Air  ###.....     5%          3    N/A
 Venom Bolt               Conj/Pois      ####......   26%         5    N/A
 Blink                    Tloc           N/A          10%         2    N/A
 Call Imp                 Summ           ##......     10%         2    N/A
 Iron Shot                Conj/Erth      ####......   83%         6    N/A
 Shock                    Conj/Air       ####         1%          1    N/A
 Swiftness                Chrm/Air       ##......     10%         2    N/A
 Airstrike                Air            ##........   52%         4    N/A
 Static Discharge         Conj/Air       ####....     3%          3    N/A
 Orb of Destruction       Conj           #####.....   80%         7    N/A
 Iskenderun's Battlesphe  Conj/Chrm      ####....     26%         5    N/A
 Spellforged Servitor     Conj/Summ      ####......   100%        7    N/A

Dungeon Overview and Level Annotations

Branches:
Dungeon (11/15)            Temple (1/1) D:6            Lair (0/6) D:10
    Orc: D:9-12

Altars:
Ashenzari
Elyvilon
Fedhas
Gozag
Kikubaaqudgha
Makhleb
Sif Muna
Trog
Vehumet
Wu Jian
Yredelemnul

Shops:
D:5 (

Portals:
Trove: D:10 (give +7 demon blade)

Annotations:
D:6 Menkaure


Innate Abilities, Weirdness & Mutations

You do not eat or drink.
Your flesh is vulnerable to fire.
You are immune to poison.
Your flesh is cold resistant. (rC+)
You are immune to negative energy. (rN+++)
You are immune to unholy pain and torment.
You can survive without breathing.


Message History

You feel a surge of power!
The sticky flame hits the two-headed ogre.
The two-headed ogre is severely wounded.
The two-headed ogre is covered in liquid flames!
The two-headed ogre burns!
The two-headed ogre hits you with a giant spiked club!!
The two-headed ogre hits you with a giant club!!
* * * LOW HITPOINT WARNING * * *
The orc priest invokes the aid of Beogh against you.
Beogh smites you!
* * * LOW HITPOINT WARNING * * *
Unknown command.
The two-headed ogre burns!
The two-headed ogre burns!
You kill the two-headed ogre!
The orc throws a tomahawk.
The tomahawk hits you but does no damage.
You see here a tomahawk.
The orc throws a tomahawk.
The tomahawk hits you.
You die...

#.## ##..).##..##
#.## ##....#...##
##.### #####
###..###..##
##..###...### ##.#
##..#
##.........#######
#<# ##..
##..#####.......##
#.# #.. ####
####.....# #.# ##.
##....# #.# ## * *,
##.@...# #.# . **
##(.....# ...* ,
....#####..###....#
... .)..o..)o.##
*......... *
,......o...#*
,......
..##......#*
,,##... *#........,
* ... #.......... *
.. * ##.........#


You could see 2 orcs.

Vanquished Creatures
  4 two-headed ogres
  Pikel (D:7)
  A manticore (D:11)
  A queen bee (D:8)
  A komodo dragon (D:10)
  A troll (D:11)
  2 hippogriffs
  A meliai zombie (D:10)
  A vampire (D:11)
  2 wraiths
  A water moccasin (D:8)
  7 orc warriors
  2 sky beasts
  An ice beast (D:10)
  A slave (D:7)
  A black bear (D:10)
  6 ogres
  4 phantoms
  6 centaurs
  A big kobold (D:7)
  9 bullfrogs
  A gnoll sergeant (D:3)
  3 scorpions
  35 killer bees
  An electric eel (D:10)
  9 howler monkeys
  2 bullfrog zombies
  2 crimson imps
  2 jellies
  2 hounds
  4 orc priests
  2 centaur skeletons (D:11)
  2 centaur zombies
  2 bullfrog skeletons
  Terence (D:2)
  7 orc wizards
  8 worker ants
  A hound zombie (D:11)
  A worker ant zombie (D:10)
  9 gnolls
  4 adders
  2 shadow imps
  3 worms
  4 leopard geckos
  34 orcs
  5 bats
  7 giant cockroaches
  14 goblins
  10 hobgoblins
  6 kobolds
  3 quokkas
  2 ball pythons (Sewer)
  14 frilled lizards
  A quokka skeleton (D:4)
  8 rats
265 creatures vanquished.

Vanquished Creatures (others)
  A slave (D:7)
  A giant cockroach (D:7)
  2 plants (D:10)
4 creatures vanquished.

Grand Total: 269 creatures vanquished

Notes
Turn   | Place    | Note
-------+----------+-------------------------------------------
     0 | D:1      | inc the Mummy Fire Elementalist began the quest for the Orb.
     0 | D:1      | Reached XP level 1. HP: 13/13 MP: 4/4
     9 | D:1      | Reached skill level 1 in Conjurations
   274 | D:1      | Reached XP level 2. HP: 19/19 MP: 5/5
   760 | D:2      | Found an ornate altar of the Wu Jian Council.
   884 | D:2      | Reached XP level 3. HP: 21/24 MP: 1/7
   972 | D:2      | Noticed Terence
  1050 | D:2      | Learned a level 3 spell: Conjure Flame
  1081 | D:2      | Killed Terence
  1081 | D:2      | Reached skill level 3 in Spellcasting
  1343 | D:2      | Reached XP level 4. HP: 29/30 MP: 6/8
  1938 | D:3      | Found a glowing drain.
  1961 | Sewer    | Entered a sewer
  2395 | Sewer    | Noticed a bullfrog
  2402 | Sewer    | Noticed a bullfrog
  2407 | Sewer    | Killed a bullfrog
  2407 | Sewer    | Reached skill level 4 in Spellcasting
  2407 | Sewer    | Reached XP level 5. HP: 13/35 MP: 6/11
  2610 | Sewer    | Learned a level 4 spell: Sticky Flame
  2624 | Sewer    | Got a heavily runed chain mail
  2678 | D:3      | Found a blossoming altar of Fedhas.
  2678 | D:3      | Found a radiant altar of Vehumet.
  2749 | D:3      | Reached XP level 6. HP: 41/41 MP: 10/12
  2754 | D:3      | Learned a level 3 spell: Inner Flame
  3298 | D:4      | Reached skill level 5 in Spellcasting
  3365 | D:4      | Identified the +6 chain mail "Qionui" {rC++ Slay+3 Stlth-} (You found it in a sewer)
  3706 | D:4      | Reached XP level 7. HP: 36/46 MP: 9/14
  4060 | D:4      | Found a shattered altar of Ashenzari.
  4115 | D:4      | Became a worshipper of Ashenzari the Shackled
  4177 | D:3      | Found a faded altar of an unknown god.
  4366 | D:3      | Found a deep blue altar of Sif Muna.
  4421 | D:3      | Found a white marble altar of Elyvilon.
  5045 | D:5      | Entered Level 5 of the Dungeon
  5137 | D:5      | Found Kuihygos's Weapon Emporium.
  5148 | D:5      | Identified the +7 rapier of the Several Mice {antimagic, rC+}
  5148 | D:5      | Found a transporter.
  5159 | D:5      | Noticed a fire bat
  5179 | D:5      | Found a transporter.
  5752 | D:6      | Noticed a hippogriff
  5773 | D:6      | Noticed a vampire
  5791 | D:6      | Found a transporter.
  5793 | D:6      | Found an ancient bone altar of Kikubaaqudgha.
  5797 | D:6      | Noticed Menkaure
  5808 | D:6      | Found a basalt altar of Yredelemnul.
  5811 | D:6      | Found a transporter.
  5935 | D:6      | Found a staircase to the Ecumenical Temple.
  5944 | Temple   | Entered the Ecumenical Temple
  6738 | D:6      | Reached skill level 6 in Spellcasting
  7009 | D:6      | Reached * piety under Ashenzari
  7020 | D:6      | Killed a hippogriff
  7020 | D:6      | Reached XP level 8. HP: 36/52 MP: 11/17
  7678 | D:7      | Found a burning altar of Makhleb.
  7842 | D:7      | Reached skill level 1 in Fighting
  8079 | D:7      | Noticed Pikel
  8098 | D:7      | Killed Pikel
  8098 | D:7      | Reached skill level 5 in Fighting
  8098 | D:7      | Reached XP level 9. HP: 59/68 MP: 5/18
  8597 | D:7      | Found an opulent altar of Gozag.
  8695 | D:7      | Reached ** piety under Ashenzari
  8780 | D:7      | Noticed a moth of wrath
  8796 | D:7      | Found a bloodstained altar of Trog.
  9832 | D:8      | Reached skill level 7 in Spellcasting
 10136 | D:8      | Noticed a queen bee
 10147 | D:8      | Killed a queen bee
 10147 | D:8      | Reached skill level 8 in Spellcasting
 10147 | D:8      | Reached XP level 10. HP: 78/83 MP: 11/22
 10920 | D:9      | Reached skill level 9 in Spellcasting
 11168 | D:9      | Noticed a two-headed ogre
 11170 | D:9      | Reached skill level 1 in Axes
 11179 | D:9      | Reached skill level 5 in Conjurations
 11183 | D:9      | Killed a two-headed ogre
 11183 | D:9      | Reached skill level 5 in Fire Magic
 11528 | D:10     | Entered Level 10 of the Dungeon
 11716 | D:10     | Found a portal to a secret trove of treasure.
 11742 | D:9      | Learned a level 5 spell: Fireball
 12022 | D:10     | Reached skill level 10 in Spellcasting
 13235 | D:10     | Found a staircase to the Lair.
 13376 | D:10     | Reached XP level 11. HP: 89/89 MP: 15/25
 13535 | D:11     | Noticed a two-headed ogre
 13541 | D:11     | Killed a two-headed ogre
 14406 | D:11     | Reached skill level 11 in Spellcasting
 15078 | D:11     | Reached *** piety under Ashenzari
 15111 | D:11     | Noticed a two-headed ogre
 15115 | D:11     | Killed a two-headed ogre
 15478 | D:11     | Noticed a two-headed ogre
 15484 | D:11     | HP: 3/89 [orc priest/divine providence (10)]
 15486 | D:11     | Killed a two-headed ogre
 15489 | D:11     | Hit by a tomahawk thrown by an orc

Vault maps used:
D:1:      dpeg_arrival_castle
D:2:      old_standard_altar, uniq_terence
D:3:      kennysheep_the_goblin_king, elyvilon_altar_3, lemuel_crystal_altar,
          gammafunk_temple_overflow_wave,
          chequers_ecumenical_altar_simple_redux, first_ration,
          cheibrodos_sewer_entry_bend, grunt_ministairs_12
D:4:      kennysheep_little_box, hangedman_decor_clover_reticule
D:5:      gammafunk_cloud_chamber, serial_shops, nicolae_shop_stone
D:6:      gammafunk_temple_of_torment, minmay_temple_entry_butterflies
D:7:      lemuel_crystal_altar, tgw_trog, grunt_gozag_breadcrumbs, uniq_pikel
D:8:      david_nohive_1, eino_small_chamber_without_monster
D:10:     david_lair_shrubbed, enter_trove_0, minmay_crystal_water
Temple:   minmay_temple_bridge_abc
Sewer:    sewer_frog_island_01

Skill      XL: |  1  2  3  4  5  6  7  8  9 10 11 |
---------------+----------------------------------+-----
Conjurations   | 1 2 3 4 6 7 |  7.2
Spellcasting   | 3 4 5 6 8 10 11 | 11.5
Fire Magic     | 3 4 6 7 |  7.1
Shields        | 2 4 |  4.1
Fighting       | 5 9 |  9.3
Axes           | 2 |  2.0
Dodging        | |  1.5
Stealth        | |  1.5

Action                   |  1- 3 |  4- 6 |  7- 9 | 10-12 || total
-------------------------+-------+-------+-------+-------++-------
Melee: Dagger            |    15 |     5 |       |       ||    20
       Hand axe          |       |       |     9 |    38 ||    47
 Cast: Flame Tongue      |    52 |    77 |   258 |   204 ||   591
       Sticky Flame      |       |     3 |    12 |    21 ||    36
       Conjure Flame     |       |     1 |     5 |     5 ||    11
       Inner Flame       |       |     1 |     4 |     4 ||     9
       Fireball          |       |       |       |    25 ||    25
Invok: Curse Item        |       |       |     4 |     1 ||     5
  Use: Scroll            |     1 |     4 |     6 |     3 ||    14
 Stab: Sleeping          |     1 |       |       |       ||     1
Armor: Robe              |     6 |     8 |    24 |    35 ||    73
       Chain mail        |       |       |     4 |       ||     4
Dodge: Dodged            |    23 |    17 |    56 |   100 ||   196
Block: Buckler           |       |       |    22 |    39 ||    61

Table legend:
 A = Spawn XP
 B = Non-spawn XP
 C = Spawn XP percentage of total XP
 D = Spawn monster count
 E = Non-spawn monster count
 F = Spawn count percentage of total count
 G = Total turns spent on level
                    A         B        C        D         E        F      G
               +---------+---------+-------+---------+---------+-------+---------
         Total |       0 |   17224 |   0.0 |       0 |     264 |   0.0 | 15489
               +---------+---------+-------+---------+---------+-------+---------
           D:1 |       0 |      23 |   0.0 |       0 |      12 |   0.0 |   767
           D:2 |       0 |      78 |   0.0 |       0 |      18 |   0.0 |  1241
           D:3 |       0 |     214 |   0.0 |       0 |      23 |   0.0 |  1274
           D:4 |       0 |     361 |   0.0 |       0 |      13 |   0.0 |  1449
           D:5 |       0 |      34 |   0.0 |       0 |       2 |   0.0 |   754
           D:6 |       0 |     762 |   0.0 |       0 |      11 |   0.0 |  1415
           D:7 |       0 |    1610 |   0.0 |       0 |      34 |   0.0 |  1498
           D:8 |       0 |    2625 |   0.0 |       0 |      42 |   0.0 |  1556
           D:9 |       0 |    3047 |   0.0 |       0 |      26 |   0.0 |  1359
          D:10 |       0 |    2259 |   0.0 |       0 |      31 |   0.0 |  1629
          D:11 |       0 |    6001 |   0.0 |       0 |      31 |   0.0 |  1872
         Sewer |       0 |     210 |   0.0 |       0 |      21 |   0.0 |   673
               +---------+---------+-------+---------+---------+-------+---------
